 Dungeon Crawl Stone Soup version 0.29-a0-367-gc2b5878c41 (webtiles) character file.

Game seed: 9730826728309946107

24 Lekart the Skirmisher (level 2, -1/27 HPs)
             Began as a Draconian Chaos Knight on May 1, 2022.
             Was a Plaything of Xom.
             Slain by an endoplasm (3 damage)
             ... on level 2 of the Dungeon.
             The game lasted 00:01:38 (1093 turns).

Lekart the Skirmisher (Draconian Chaos Knight)      Turns: 1093, Time: 00:01:39

Health: -1/27      AC:  4    Str: 13 (14) XL:     2   Next: 79%
Magic:  2/2        EV: 12    Int: 11 (12) God:    Xom [.*....]
Gold:   33         SH:  0    Dex:  9 (10) Spells: 1/1 levels left

rFire   . . .      SeeInvis .   a - +0 falchion (chaos)
rCold   . . .      Faith    .   (no shield)
rNeg    . . .      Spirit   .   (body armour unavailable)
rPois   .          Reflect  .   (helmet restricted)
rElec   .          Harm     .   (no cloak)
rCorr   .          Rampage  .   (no gloves)
Will    .....                   (no boots)
Stlth   +.........              (no amulet)
HPRegen 0.09/turn               (no ring)
MPRegen 0.08/turn               (no ring)

@: slowed, very slow
A: AC +4, unfitting armour, cold-blooded, deterioration 1
a: Renounce Religion


You were on level 2 of the Dungeon.
You worshipped Xom.
You were a plaything of Xom.
You visited 1 branch of the dungeon, and saw 2 of its levels.

You collected 33 gold pieces.

Inventory:

Hand Weapons
 a - a +0 falchion of chaos (weapon)
Missiles
 e - a throwing net
Potions
 d - a potion of curing
Miscellaneous
 b - a piece from Xom's chessboard (15/15) (quivered)


   Skills:
 + Level 3.8 Fighting
 + Level 3.5 Long Blades
 + Level 2.3 Dodging


You had one spell level left.
You didn't know any spells.
Your spell library contained the following spells:

 Spells                   Type           Power      Damage    Failure   Level
 Ignite Poison            Fire/Tmut/Pois 0%         N/A       71%         3
 Mephitic Cloud           Conj/Pois/Air  0%         N/A       71%         3
 Freezing Cloud           Conj/Ice/Air   0%         6-21      100%        5


Dungeon Overview and Level Annotations

Branches:
Dungeon (2/15)

Altars:


Innate Abilities, Weirdness & Mutations

Your plain brown scales are hard. (AC +4)
You cannot fit into any form of body armour.
You are cold-blooded and may be slowed by cold attacks.
Your body sometimes deteriorates upon taking damage.


Message History

You are frozen.
You feel as though you will be slow longer.
The worm bites you.
You slash the worm!
Space warps around the worm.
The worm is heavily wounded.
The endoplasm freezes you.
You are frozen.
You feel as though you will be slow longer.
The endoplasm freezes you.
You are frozen.
Your body deteriorates!
You feel weakened.
You feel as though you will be slow longer.
The worm barely misses you.
You are too injured to fight recklessly!
You are too injured to fight recklessly!
The endoplasm attacks as you move away! The endoplasm closely misses you.
The ball python attacks as you move away!
The ball python bites you. The ball python misses you.
The ball python bites you but does no damage.
The ball python barely misses you. The endoplasm misses you.
The ball python bites you.
* * * LOW HITPOINT WARNING * * *
The ball python grabs you. The ball python constricts you.
* * * LOW HITPOINT WARNING * * *
You escape the ball python's grasp.
The endoplasm jiggles.
The goblin hits you with a +0 club.
* * * LOW HITPOINT WARNING * * *
The endoplasm hits you but does no damage.
The endoplasm attacks as you move away!
The endoplasm hits you but does no damage.
The goblin attacks as you move away! The goblin hits you with a +0 club.
* * * LOW HITPOINT WARNING * * *
Your body deteriorates!
You feel dopey. The goblin closely misses you.
The endoplasm hits you but does no damage.
The goblin attacks as you move away! The goblin hits you but does no damage.
The endoplasm attacks as you move away! The endoplasm completely misses you.
The goblin barely misses you. The endoplasm hits you.
You die...

#.###.........#
#.............# # .
####..###.....### .# .##
##..######...####..##
...#####.########.........
.....###........##....###
#.................##.#
###.###.........<.# #
#†###........@..#
#..##.......gJ#.#
##...#.......S#...
###.#......w###..#.
#)#.......# #....
#........<# .#.#
##........# ....
#####...## ##...#


You could see a worm, an endoplasm, a goblin and a ball python.

Vanquished Creatures
  2 bats (D:1)
  3 endoplasms (D:1)
  4 goblins (D:1)
  2 hobgoblins (D:1)
  4 jackals (D:1)
  2 ball pythons
  2 frilled lizards
  3 kobolds (D:1)
22 creatures vanquished.

Notes
Turn   | Place    | Note
-------+----------+-------------------------------------------
     0 | D:1      | Lekart the Draconian Chaos Knight began the quest for the
                  | Orb.
     0 | D:1      | Reached XP level 1. HP: 19/19 MP: 1/1
    52 | D:1      | XOM: silly message
   348 | D:1      | XOM: silly message
   526 | D:1      | Reached XP level 2. HP: 26/26 MP: 2/2
   737 | D:1      | XOM: divination: detect items
   828 | D:1      | XOM: give mutation
   828 | D:1      | Gained mutation: Your body sometimes deteriorates upon
                  | taking damage. [Xom's mischief]
  1093 | D:2      | Slain by an endoplasm

Illustrated notes

Levels and vault maps discovered:
D:1:      dpeg_arrival_rooms_b, layout_basic, minmay_misc_feat_tiny,
          minmay_box_of_dots
D:2:      layout_rooms, serial_glass, glass_columns_a, glass_columns_a,
          glass_columns_a, glass_columns_b, glass_columns_b, glass_columns_b,
          glass_columns_a, glass_columns_a, kennysheep_generic_room_9

Action                   || total
-------------------------++-------
Melee: Falchion          ||    59
       Tailslap          ||     5
  Use: Scroll            ||     3
       Potion            ||     2
Armor: Skin              ||    30
Dodge: Dodged            ||    66

Table legend: (Time is in decaauts)
 A = Elapsed time spent in this place.
 B = Non-inter-level travel time spent in this place.
 C = Inter-level travel time spent in this place.
 D = Time resting spent in this place.
 E = Time spent auto-exploring this place.
 F = Levels seen in this place.
 G = Mean time per level.
                   A        B        C        D        E       F      G
               +--------+--------+--------+--------+--------+-----+--------+
         Total |   1105 |   1080 |     25 |      0 |    925 |   2 |  552.5 |
       Dungeon |   1105 |   1080 |     25 |      0 |    925 |   2 |  552.5 |
               +--------+--------+--------+--------+--------+-----+--------+

Top non-repeatable levels by time:
     D:1: 1013 daAuts
     D:2: 91 daAuts
